 Dungeon Crawl Stone Soup version 0.28.0-1-gb440e238dd (webtiles) character file.

Game seed: 12835413729779966061

4158 Sanktem7 the Cleaver (level 10, 0/91 HPs)
             Began as a Minotaur Fighter on Feb 22, 2022.
             Was an Initiate of Ru.
             Slain by a gnoll (4 damage)
             ... on level 8 of the Dungeon on Feb 23, 2022.
             The game lasted 00:10:23 (6727 turns).

Sanktem7 the Cleaver (Minotaur Fighter)             Turns: 6727, Time: 00:10:23

Health: 0/91       AC: 15    Str: 25    XL:     10   Next: 7%
Magic:  9/9        EV:  7    Int:  5    God:    Ru [......]
Gold:   367        SH:  4    Dex: 10    Spells: 9/9 levels left

rFire   . . .      SeeInvis .   a - +0 war axe
rCold   . . .      Faith    .   c - +0 buckler
rNeg    . . .      Spirit   .   l - +0 plate armour
rPois   .          Reflect  .   (helmet restricted)
rElec   .          Harm     .   v - +1 cloak {rCorr}
rCorr   +          Rampage  .   (no gloves)
Will    .....                   (no boots)
Stlth   ..........              f - amulet of regeneration
HPRegen 1.05/turn               (no ring)
MPRegen 0.11/turn               (no ring)

@: no status effects
A: horns 2, retaliatory headbutt
a: Renounce Religion


You were on level 8 of the Dungeon.
You worshipped Ru.
Ru was noncommittal.
You visited 2 branches of the dungeon, and saw 9 of its levels.

You collected 367 gold pieces.

Inventory:

Hand Weapons
 a - a +0 war axe (weapon)
 q - a +4 vorpal flail
Armour
 c - a +0 buckler (worn)
 k - a +0 cloak
 l - a +0 plate armour (worn)
 r - a +2 ring mail of poison resistance
 v - a +1 cloak of preservation (worn)
Jewellery
 f - an amulet of regeneration (around neck)
 n - an amulet of guardian spirit
 p - a ring of protection from cold
Wands
 x - a wand of polymorph (7)
Scrolls
 b - 2 scrolls of identify
 e - a scroll of enchant weapon
 g - a scroll of teleportation
 j - a scroll of immolation
 o - a scroll of blinking {unknown}
 s - a scroll of amnesia {unknown}
 t - 4 scrolls of fog {unknown}
Potions
 d - 3 potions of might
 h - a potion of heal wounds
 i - 3 potions of curing
 m - 3 potions of invisibility {unknown}
 u - a potion of mutation {unknown}
 w - a potion of haste


   Skills:
 * Level 9.3 Fighting
 * Level 13.7 Axes
 + Level 7.4 Armour
 + Level 0.7 Dodging
 - Level 3.6 Shields


You had 9 spell levels left.
You didn't know any spells.
Your spell library contained the following spells:

 Spells                   Type           Power      Damage    Failure   Level
 Apportation              Tloc           0%         N/A       100%        1
 Leda's Liquefaction      Hex/Erth       0%         N/A       100%        4
 Alistair's Intoxication  Tmut/Pois      0%         N/A       100%        5
 Lee's Rapid Deconstruct  Erth           0%         3d5*      100%        5
 Statue Form              Tmut/Erth      0%         N/A       100%        6


Dungeon Overview and Level Annotations

Branches:
Dungeon (8/15)             Temple (1/1) D:7
   Lair: D:8-11

Altars:
Cheibriados
Dithmenos
Elyvilon
Fedhas
Gozag
Hepliaklqana
Kikubaaqudgha
Makhleb
Nemelex Xobeh
Okawaru
Qazlal
Ru
Sif Muna
Trog
Uskayaw
Vehumet
Wu Jian
Xom
Yredelemnul
Zin
The Shining One

Shops:
D:4 *   D:7 ?(

Annotations:
D:3 2 transporters


Innate Abilities, Weirdness & Mutations

You have a pair of horns on your head.
You reflexively headbutt those who attack you in melee.


Message History

You block the gnoll's attack. The gnoll barely misses you.
The gnoll hits you but does no damage.
The gnoll sergeant hits you with a +0 trident.
* * * LOW HITPOINT WARNING * * *
You barely miss the gnoll sergeant. You hit the gnoll.
You barely miss the gnoll.
The gnoll hits you but does no damage. x3
The gnoll sergeant hits you with a +0 trident.
* * * LOW HITPOINT WARNING * * *
You hit the gnoll sergeant.
You headbutt the gnoll sergeant, but do no damage.
The gnoll sergeant is lightly wounded.
You hit the gnoll but do no damage. You hit the gnoll.
The gnoll hits you but does no damage. x3
The gnoll sergeant hits you but does no damage.
You hit the gnoll sergeant but do no damage.
The gnoll sergeant is lightly wounded.
You hit the gnoll. You slash the gnoll!
You kill the gnoll!
The gnoll hits you but does no damage. The gnoll completely misses you.
The gnoll sergeant hits you but does no damage.
You hit the gnoll sergeant.
Your headbutt misses the gnoll sergeant.
The gnoll sergeant is lightly wounded.
You hit the gnoll.
You kill the gnoll!
The gnoll hits you from afar with a +0 halberd!
* * * LOW HITPOINT WARNING * * *
The gnoll sergeant completely misses you.
You furiously retaliate!
You headbutt the gnoll sergeant!
You hit the gnoll sergeant but do no damage.
The gnoll sergeant is moderately wounded.
You hear the faint creaking of a very distant portcullis.
The gnoll hits you from afar with a +0 halberd.
* * * LOW HITPOINT WARNING * * *
You slash the gnoll sergeant!
The gnoll sergeant is almost dead.
The gnoll sergeant hits you with a +0 trident!
* * * LOW HITPOINT WARNING * * *
The gnoll hits you from afar with a +0 halberd.
You die...

##...# #.. . #...# #. ..
##..# .##.. #..###.....
##......... #.........
#..†.....#
#.#.##############...†...##
#......)gg@))............#
#.....†#.)#)##.#.........#
##.......#####.##...##....#
#......## ..###..# ...##
#......# .... ...# .##.#
###..... ..#.........# ..
....... ..####.....[. .
.....#.... #....##


You could see a gnoll sergeant and a gnoll.

Vanquished Creatures
  The ghost of Clumpoid the Shield-Bearer, a novice GnFi (D:5)
  Maggie (D:6)
  Grinder (D:4)
  Grum (D:8)
  A steam dragon (D:7)
  Edmund (D:6)
  A water moccasin (D:5)
  3 ogres
  A necrophage (D:5)
  2 ice beasts
  2 sky beasts
  2 centaurs (D:6)
  2 wolves (D:8)
  A phantom (D:5)
  A kobold brigand (D:6)
  A bullfrog (D:8)
  A scorpion (D:5)
  3 killer bees (D:8)
  A howler monkey (D:5)
  3 vampire bats (D:4)
  A centaur zombie (D:8)
  4 jellies
  3 gnoll shamans
  A bullfrog zombie (D:5)
  6 hounds
  Crazy Yiuf (D:6)
  A bullfrog skeleton (D:7)
  An orc priest (D:4)
  3 iguanas
  4 orc wizards
  2 hound skeletons (D:4)
  23 gnolls
  A howler monkey skeleton (D:4)
  9 adders
  2 white imps
  An ufetubus (D:4)
  An adder skeleton (D:5)
  2 worms
  6 dart slugs
  11 orcs
  4 ball pythons
  2 bats
  3 bat skeletons (D:4)
  3 bat zombies (D:4)
  7 endoplasms
  4 giant cockroaches
  6 goblins
  7 hobgoblins
  4 jackals (D:4)
  3 quokkas
  6 frilled lizards
  10 kobolds
  7 rats
179 creatures vanquished.

Vanquished Creatures (others)
  4 plants (D:3)
4 creatures vanquished.

Grand Total: 183 creatures vanquished

Notes
Turn   | Place    | Note
-------+----------+-------------------------------------------
     0 | D:1      | Sanktem7 the Minotaur Fighter began the quest for the Orb.
     0 | D:1      | Reached XP level 1. HP: 19/19 MP: 0/0
   151 | D:1      | Reached XP level 2. HP: 27/27 MP: 1/1
   961 | D:2      | Reached skill level 3 in Axes
  1032 | D:2      | Reached XP level 3. HP: 34/34 MP: 2/2
  1311 | D:2      | Reached XP level 4. HP: 23/41 MP: 3/3
  1481 | D:3      | Reached skill level 4 in Axes
  1821 | D:3      | Found a transporter.
  1866 | D:3      | Found a transporter.
  1928 | D:3      | Identified the +6 halberd of Instinct {venom, rC- Dex+4
                  | Stlth+}
  2141 | D:4      | Reached XP level 5. HP: 45/47 MP: 4/4
  2269 | D:4      | Reached skill level 5 in Fighting
  2269 | D:4      | Reached skill level 5 in Axes
  2317 | D:4      | Reached skill level 6 in Axes
  2317 | D:4      | Reached XP level 6. HP: 56/56 MP: 5/5
  2443 | D:4      | Noticed Grinder
  2448 | D:4      | Paralysed by Grinder for 3 turns
  2459 | D:4      | Killed Grinder
  2460 | D:4      | Reached skill level 7 in Axes
  2460 | D:4      | Reached skill level 5 in Armour
  2494 | D:4      | Reached XP level 7. HP: 61/61 MP: 6/6
  2683 | D:4      | Found Vunel's CLEARANCE SALE!.
  2756 | D:4      | Reached skill level 8 in Axes
  2797 | D:4      | Found an ancient bone altar of Kikubaaqudgha.
  3066 | D:5      | Entered Level 5 of the Dungeon
  3101 | D:5      | Reached skill level 9 in Axes
  3134 | D:5      | Reached XP level 8. HP: 70/70 MP: 7/7
  3321 | D:5      | Reached skill level 10 in Axes
  3591 | D:5      | Found a large runed translucent door.
  3591 | D:5      | Found a large runed translucent door.
  3592 | D:5      | Noticed Clumpoid's ghost (novice GnFi)
  3625 | D:5      | Killed Clumpoid's ghost
  3626 | D:5      | Reached skill level 11 in Axes
  3626 | D:5      | Reached XP level 9. HP: 53/80 MP: 8/8
  3801 | D:6      | Noticed Maggie
  3810 | D:6      | Killed Maggie
  3811 | D:6      | Reached skill level 12 in Axes
  3824 | D:6      | Found a burning altar of Makhleb.
  3859 | D:6      | Found a sparkling altar of Nemelex Xobeh.
  4060 | D:6      | Noticed Edmund
  4092 | D:6      | Killed Edmund
  4581 | D:6      | Found a runed translucent door.
  4582 | D:6      | Noticed Crazy Yiuf
  4959 | D:6      | Killed Crazy Yiuf
  5073 | D:7      | Reached skill level 13 in Axes
  5143 | D:7      | Found Xawkootz's Magic Scroll Shoppe.
  5166 | D:7      | Found Goquwn's Antique Weapon Shoppe.
  5328 | D:7      | Found a staircase to the Ecumenical Temple.
  6211 | Temple   | Entered the Ecumenical Temple
  6526 | Temple   | Became a worshipper of Ru the Awakened
  6700 | D:8      | Noticed Grum
  6707 | D:8      | Reached XP level 10. HP: 35/91 MP: 9/9
  6719 | D:8      | Killed Grum
  6727 | D:8      | HP: 4/91 [gnoll sergeant (11)]
  6727 | D:8      | Slain by a gnoll

Illustrated notes

Levels and vault maps discovered:
D:1:      dpeg_arrival_rhombus, layout_basic, ebering_dispersal_statue_hall
D:2:      layout_basic, dk_noncrumbling_4, minmay_pentomino_r2
D:3:      layout_loops_ring, gammafunk_ghost_gnarly_gnolls
D:4:      layout_loops_ring, kennysheep_vampire_church, kennysheep_nub,
          dk_noncrumbling_3, nicolae_shop_clearance, uniq_grinder
D:5:      layout_cave_pools, ebering_ghost_disaster_area, nrook_mini_vaults,
          grunt_decor_cap
D:6:      layout_layer_cave, mainiacjoe_overflow_two_lobes,
          nicolae_ossuary_entry_monument, small_statue_alley_b, uniq_edmund,
          uniq_crazy_yiuf_cottage, uniq_maggie
D:7:      layout_basic, minmay_temple_entry_water_ring, serial_rivers,
          chequers_serial_rivers_small_3, chequers_serial_rivers_small_b,
          chequers_serial_rivers_large_a, chequers_serial_rivers_room_a,
          chequers_serial_rivers_small_b, serial_shops,
          nicolae_shop_hallway_plus, shop, minmay_misc_feat_five
D:8:      minmay_the_grid_triangle_9x9_rhombus_thin
          [minmay_the_grid_triangle_9x9_cache,
          minmay_the_grid_triangle_9x9_prize_center,
          minmay_the_grid_triangle_9x9_fully_insulated_deathbox,
          minmay_the_grid_triangle_9x9_steps], layout_cave_pools,
          ashenzari_conservatory_becter, erik_lair_orcish_takeover,
          enter_bailey_4, uniq_grum
Temple:   dpeg_five_rooms_temple

Skill      XL: |  1  2  3  4  5  6  7  8  9 |
---------------+----------------------------+-----
Fighting       | 4 5 6 7 9 |  9.3
Armour         | 4 5 6 7 |  7.4
Axes           | 3 4 6 7 9 11 13 | 13.7
Dodging        | |  0.7
Shields        | |  3.6

Action                   |  1- 3 |  4- 6 |  7- 9 | 10-12 || total
-------------------------+-------+-------+-------+-------++-------
Melee: War axe           |    84 |    97 |   283 |     9 ||   473
       Headbutt          |    15 |    13 |    54 |     1 ||    83
  Use: Scroll            |       |       |     8 |       ||     8
       Potion            |       |       |     1 |       ||     1
Armor: Scale mail        |    41 |       |       |       ||    41
       Plate armour      |       |    56 |   187 |    12 ||   255
Dodge: Dodged            |    35 |    24 |    77 |     8 ||   144
Block: Buckler           |    13 |    20 |    57 |     4 ||    94
